Description

Copying vibes 2026 B2GM Silver Terran eco build

Replay - ViBe B2GM - TvZ Macro Example - Silver

Build Order

Get SALT Encoding   

  12  0:00  SCV  
  13  0:12  SCV  
  14  0:18  Supply Depot  
  14  0:24  SCV  
  15  0:39  SCV  
  15  0:41  Barracks  
  16  0:47  Refinery  
  16  0:51  SCV  
  17  1:04  SCV  
  18  1:16  SCV  
  19  1:28  Orbital Command  
  19  1:31  Marine  
  20  1:39  Command Center  
  20  1:50  Factory  
  20  1:54  SCV  
  21  2:03  Supply Depot  
  21  2:06  SCV  
  22  2:18  SCV  
  23  2:25  Marine  
  24  2:31  Refinery  
  24  2:34  Factory Tech Lab  
  25  2:37  Supply Depot  
  25  2:43  Marine  
  27  2:52  Siege Tank  
  27  2:57  Orbital Command  
  31  3:02  Supply Depot  
  31  3:09  Marine  
  33  3:25  Siege Tank  
  37  3:29  Supply Depot  
  38  3:39  Factory  
  39  3:45  Barracks Reactor  
  43  4:05  Siege Tank  
  50  4:28  Armory  
  50  4:29  Command Center  
  50  4:37  Siege Tank  
  59  4:38  Hellion x2  
  60  4:52  Refinery x2  
  66  5:00  Hellion x2  
  68  5:14  Thor  
  78  5:39  Hellion x2  
  78  5:41  Terran Vehicle Weapons Level 1  
  82  5:45  Factory  
  84  5:51  Command Center  
  84  6:00  Thor  
  92  6:08  Orbital Command  
  94  6:22  Hellion x2  
  100  6:27  Armory  
  100  6:28  Engineering Bay  
  100  6:30  Factory Tech Lab  
  103  6:43  Thor, Hellion x2  
  115  6:51  Refinery x2  
  116  6:57  Thor  
  125  7:05  Command Center  
  132  7:26  Thor  
  138  7:30  Terran Vehicle And Ship Armor Level 1  
  140  7:42  Thor  
  150  7:44  Planetary Fortress  
  160  8:08  Thor  
  160  8:09  Factory x2  
  169  8:15  Refinery x2  
  169  8:16  Missile Turret x2  
  169  8:21  Missile Turret x2  
  173  8:30  Thor  
  183  8:44  Command Center  
  183  8:58  Thor  
  183  9:00  Factory Tech Lab, Factory Reactor  
  190  9:13  Thor, Planetary Fortress  
  191  9:40  Factory x4  
  195  9:45  Missile Turret  
  195  9:52  Refinery x2  
  195  9:59  Factory  
Spawning Tool Build Advisor. Get it on Overwolf

Go to:

Details

  • Created by: pepsomo@gmail.com
  • Published on: Oct 23, 2026
  • Modified on: Oct 23, 2026
  • Patch: 5.0.16
  • Difficulty: Easy
Show
View Real Time Build Order
Export as new Build Order

Comments (0)

There are no comments. Be the first!

Create an account to comment!